 Dungeon Crawl Stone Soup version 0.24.0-1-gfbc8707 (webtiles) character file.

Game seed: 5989916983961436212, levelgen mode: deterministic

140 Illumine the Slasher (level 5, 0/37 HPs)
             Began as an Octopode Berserker on Nov 16, 2019.
             Was a Believer of Trog.
             Slain by an adder (4 damage)
             ... on level 3 of the Dungeon.
             The game lasted 00:01:58 (1642 turns).

Illumine the Slasher (Octopode Berserker)           Turns: 1642, Time: 00:01:59

Health: 0/37       AC:  3    Str: 17    XL:     5   Next: 22%
Magic:  5/5        EV: 14    Int:  9    God:    Trog [**....]
Gold:   153        SH:  0    Dex: 12    Spells: 4/4 levels left

rFire    . . .     SeeInvis .   a - +0 falchion
rCold    . . .     Gourm    .   (no shield)
rNeg     . . .     Faith    .   f - +2 hat
rPois    .         Spirit   .   (no amulet)
rElec    .         Reflect  .   (no ring)
rCorr    .         Harm     .   (no ring)
MR       .....                  (no ring)
Stlth    +++.......             (no ring)
HPRegen  0.12/turn              (no ring)
MPRegen  0.09/turn              (no ring)
                                (no ring)
                                (no ring)

@: no status effects
A: almost no armour, stealthy swim, amphibious, 8 rings, constrict 8, camouflage
1, gelatinous body 1
a: Berserk, Trog's Hand, Renounce Religion


You were on level 3 of the Dungeon.
You worshipped Trog.
Trog was pleased with you.
You were not hungry.

You visited 1 branch of the dungeon, and saw 3 of its levels.

You collected 153 gold pieces.

Inventory:

Hand Weapons
 a - a +0 falchion (weapon)
Armour
 f - a +2 hat (worn)
Scrolls
 d - 3 scrolls of remove curse {unknown}
 e - 4 scrolls of teleportation {unknown}
 l - a scroll of enchant weapon {unknown}
Potions
 c - a potion of degeneration {unknown}
 g - a potion of flight {unknown}
 h - a potion of resistance {unknown}
 i - a potion of heal wounds {unknown}
 j - 2 potions of might {unknown}
 k - a potion of curing {unknown}
 m - a potion of invisibility {unknown}
 n - 2 potions of haste {unknown}
Comestibles
 b - 3 rations


   Skills:
 + Level 3.7 Fighting
 * Level 4.3 Long Blades
 + Level 3.7 Dodging
 + Level 2.3 Stealth


You had 4 spell levels left.
You didn't know any spells.
Your spell library was empty.

Dungeon Overview and Level Annotations

Branches:
Dungeon (3/15)

Altars:
Cheibriados

Portals:
Sewer: D:3

Annotations:
D:3 Robin


Innate Abilities, Weirdness & Mutations

You cannot wear most types of armour.
You are very stealthy in the water. (Stealth+)
You are amphibious.
You can wear up to eight rings at the same time.
You can use your tentacles to constrict eight enemies at once.
Your skin changes colour to match your surroundings (Stealth+).
Your rubbery body absorbs attacks. (AC +1, EV +1)


Message History

The goblin is severely wounded.
You release your grip on the goblin.
A hobgoblin comes into view.
An adder comes into view.
Found a cyan potion.
The adder hisses angrily.
The adder bites you but does no damage. The adder bites you.
A worm comes into view.
The adder bites you. The adder closely misses you.
You riposte.
You hit the adder. Your grab misses the adder.
The adder is lightly wounded.
The hobgoblin no longer looks unusually strong.
The goblin no longer looks unusually strong.
The worm bites you!
* * * LOW HITPOINT WARNING * * *
Found 13 gold pieces.
Found a glowing drain.
A worm comes into view.
The adder bites you.
You die...

#g.g)...... ##†#
##gr# .#
##g<#######.#
####.g##.....$..
##...g###.#######
#g.#### #.#≈S≈≈≈#
#..#### #.+≈≈∩≈≈#
##gg..###@#sS≈S≈#
####g.##S#######
##..#g....w..
##..w...#..#
###!..## ##
..#..... ########


You could see 2 worms, 4 adders, a giant cockroach and a goblin.

Vanquished Creatures
  Jessica (D:2)
  3 adders (D:2)
  An ooze (D:1)
  2 worms (D:2)
  5 dart slugs
  4 leopard geckos (D:2)
  2 bats (D:1)
  4 giant cockroaches (D:2)
  9 goblins
  4 hobgoblins
  7 jackals
  8 kobolds
  5 frilled lizards
  7 rats
62 creatures vanquished.

Notes
Turn   | Place    | Note
-------+----------+-------------------------------------------
     0 | D:1      | Illumine the Octopode Berserker began the quest for the
                  | Orb.
     0 | D:1      | Reached XP level 1. HP: 16/16 MP: 1/1
    74 | D:1      | Reached XP level 2. HP: 12/21 MP: 2/2
   478 | D:1      | Reached XP level 3. HP: 26/26 MP: 3/3
  1005 | D:1      | Reached skill level 1 in Stealth
  1021 | D:2      | Noticed Jessica
  1029 | D:2      | Killed Jessica
  1029 | D:2      | Reached ** piety under Trog
  1029 | D:2      | Reached XP level 4. HP: 31/31 MP: 4/4
  1031 | D:2      | Reached skill level 4 in Long Blades
  1341 | D:2      | Reached XP level 5. HP: 30/36 MP: 5/5
  1562 | D:2      | Found a snail-covered altar of Cheibriados.
  1617 | D:3      | Noticed Robin
  1639 | D:3      | Found a glowing drain.
  1642 | D:3      | Slain by an adder

Levels and vault maps discovered:
D:1:      psy_arrival_statuary, layout_basic
D:2:      kb_forest_paths, layout_rooms, marbit_many_paths, first_ration,
          minmay_hexomino_p4, uniq_jessica
D:3:      layout_rooms, grunt_dithmenos_smoke, dancing_weapons_uskayaw,
          lemuel_doored_altar, old_standard_altar, gup_sewer_entry_glass,
          uniq_robin, uniq_crazy_yiuf_cottage

Skill      XL: |  1  2  3  4 |
---------------+-------------+-----
Stealth        | 1 2 |  2.3
Long Blades    | 4 |  4.3
Fighting       | |  3.7
Dodging        | |  3.7

Action                   |  1- 3 |  4- 6 || total
-------------------------+-------+-------++-------
Melee: Falchion          |    38 |    47 ||    85
       Constrict         |    17 |    20 ||    37
       Tentacles         |     6 |    12 ||    18
 Stab: Sleeping          |     4 |     5 ||     9
  Eat: Chunk             |       |     2 ||     2
Armor: Skin              |     2 |     5 ||     7
Dodge: Dodged            |    23 |    42 ||    65
       Rpst.: Falchion   |     7 |    18 ||    25
